 Dungeon Crawl Stone Soup version 0.32-a0-163-g159c032 (webtiles) character file.

Game seed: 5061442621342812095

270 lyrin the Ruffian (level 6, -1/57 HPs)
             Began as a Troll Hunter on Feb 11, 2024.
             Was an Initiate of Yredelemnul.
             Slain by Grinder (4 damage)
             ... while paralysed by Grinder
             ... on level 3 of the Dungeon.
             The game lasted 00:02:53 (1243 turns).

lyrin the Ruffian (Troll Hunter)                    Turns: 1243, Time: 00:02:54

Health: -1/57      AC:  4    Str: 22    XL:     6   Next: 1%
Magic:  6/6        EV:  1    Int:  5    God:    Yredelemnul [......]
Gold:   67         SH:  0    Dex: 13    Spells: 5/5 levels left

rFire   . .          .
                       - Unarmed
rCold   . . .        (no shield)
rNeg    . . .        c - +0 robe
rPois   .            (helmet restricted)
rElec   .            (no cloak)
rCorr   .            (gloves unavailable)
SInv    .            (boots unavailable)
Will    .....        (no amulet)
Stlth   +            (no ring)
HPRegen 1.09/turn    (no ring)
MPRegen 0.10/turn

%: no passive effects
@: paralysed
A: large, unfitting armour, claws 3, regeneration 1, shaggy fur 1, tough skin 1
a: Renounce Religion, Recall Undead Harvest


You were on level 3 of the Dungeon.
You worshipped Yredelemnul.
Yredelemnul was noncommittal.
You visited 1 branch of the dungeon, and saw 3 of its levels.

You collected 67 gold pieces.

Inventory:

Hand Weapons
 i - a +2 antimagic scythe
 p - a +0 war axe of flaming
Missiles
 e - 6 datura-tipped darts (quivered)
Armour
 c - a +0 robe (worn)
Scrolls
 a - 4 scrolls of identify {unknown}
 b - a scroll of butterflies
 f - a scroll of amnesia {unknown}
 l - a scroll of fear {unknown}
 m - a scroll of revelation {unknown}
 o - a scroll of vulnerability {unknown}
 q - a scroll of noise {unknown}
 r - a scroll of enchant armour {unknown}
Potions
 d - a potion of mutation {unknown}
 g - 2 potions of attraction {unknown}
 h - 2 potions of curing {unknown}
 j - a potion of ambrosia {unknown}
 k - a potion of haste {unknown}
 n - 2 potions of heal wounds {unknown}


   Skills:
 - Level 1.7 Fighting
 - Level 2.6 Ranged Weapons
 + Level 2.5 Dodging
 - Level 0.3 Stealth
 * Level 4.1 Unarmed Combat
 * Level 2.5 Invocations


You had 5 spell levels left.
You didn't know any spells.
Your spell library contained the following spells:

 Spells                   Type           Power      Damage    Failure   Level
 Kiss of Death            Conj/Necr      0%         2d5       47%         1
 Static Discharge         Conj/Air       0%         3-3/arc   63%         2
 Starburst                Conj/Fire      0%         6d3       100%        6


Dungeon Overview and Level Annotations

Branches:
Dungeon (3/15)

Altars:
Makhleb
Yredelemnul

Annotations:
D:3 Grinder


Innate Abilities, Weirdness & Mutations

You are too large for most types of armour.
You have claws for hands.
Your natural rate of healing is unusually fast.
You are covered in fur. (AC +1)
You have tough skin. (AC +1)


Message History

Grinder closely misses you.
You scratch Grinder but do no damage.
Grinder is moderately wounded.
Your goblin zombie barely misses Grinder.
Unknown command.
You scratch Grinder.
Grinder is moderately wounded.
Grinder gestures at you. You resist with significant effort.
Your goblin zombie hits Grinder but does no damage.
Unknown command.
You scratch Grinder.
Grinder is heavily wounded.
Grinder closely misses you. Grinder hits you!
You writhe in agony.
Your goblin zombie closely misses Grinder.
Unknown command.
You barely miss Grinder.
Grinder is heavily wounded.
Grinder gestures at you.
You suddenly lose the ability to move!
Your goblin zombie hits Grinder but does no damage.
Grinder hits you!
* * * LOW HITPOINT WARNING * * *
You writhe in agony.
* * * LOW HITPOINT WARNING * * *
Your goblin zombie barely misses Grinder.
Grinder gestures at you.
You shrug off the repeated paralysis!
Your goblin zombie barely misses Grinder.
Grinder hits you.
* * * LOW HITPOINT WARNING * * *
You writhe in agony.
* * * LOW HITPOINT WARNING * * *
Grinder hits you!
* * * LOW HITPOINT WARNING * * *
You writhe in agony.
You die...
Grinder says, "Hey, I wasn't done torturing you yet!"
Your body rises from the dead as a mindless zombie.

#...
##..#...#..###.....#
....#...#...#...#.....##
#..# ..#...##..#.......
#..###.###..#..######.
#...........#Z...#Z...
#..#.Z.##...#..##..###
#####Z##...###....##
##5.....#####..#
#.@...........##
#..##...######## #...#
##..# ...... #.## ......
### ..... #####


You could see Grinder (ally target), a friendly goblin zombie and a friendly orc
zombie.

Vanquished Creatures
  Sigmund (D:2)
  An orc priest (D:3)
  3 adders
  A dart slug (D:1)
  4 orcs (D:3)
  3 bats
  3 endoplasms (D:1)
  4 giant cockroaches
  2 goblins (D:3)
  3 hobgoblins
  3 jackals (D:2)
  2 kobolds (D:1)
  4 quokkas
  A ball python (D:3)
  3 frilled lizards
  4 rats
42 creatures vanquished.

Vanquished Creatures (collateral kills)
  A ball python (D:1)
  A goblin (D:2)
  2 bats
  2 rats
6 creatures vanquished.

Vanquished Creatures (others)
  A bat zombie (D:3)
  A ball python zombie (D:3)
  A rat zombie (D:3)
3 creatures vanquished.

Grand Total: 51 creatures vanquished

Notes
Turn   | Place    | Note
-------+----------+-------------------------------------------
     0 | D:1      | lyrin the Troll Hunter began the quest for the Orb.
     0 | D:1      | Reached XP level 1. HP: 19/19 MP: 0/0
   121 | D:1      | Found a faded altar of an unknown god.
   133 | D:1      | Prayed at the altar of an unknown god.
   133 | D:1      | Became a worshipper of Yredelemnul the Dark
   133 | D:1      | Reached * piety under Yredelemnul
   138 | D:1      | Reached XP level 2. HP: 28/28 MP: 1/1
   615 | D:2      | Reached skill level 1 in Unarmed Combat
   615 | D:2      | Reached skill level 1 in Invocations
   615 | D:2      | Reached XP level 3. HP: 35/35 MP: 2/2
   634 | D:2      | Noticed Sigmund
   648 | D:2      | Killed Sigmund
   649 | D:2      | Reached skill level 3 in Unarmed Combat
   649 | D:2      | Reached XP level 4. HP: 22/42 MP: 0/4
   649 | D:2      | Reached XP level 5. HP: 26/49 MP: 0/5
   738 | D:2      | Found a burning altar of Makhleb.
   865 | D:2      | Got Zetehago's Lessons on Percussion
  1097 | D:3      | Reached skill level 4 in Unarmed Combat
  1142 | D:3      | Reached XP level 6. HP: 57/57 MP: 6/6
  1208 | D:3      | Noticed Grinder
  1239 | D:3      | Paralysed by Grinder for 5 turns
  1243 | D:3      | Slain by Grinder

Illustrated notes

Levels and vault maps discovered:
D:1:      reono_arrival_forest_river, layout_basic, basic_ecumenical_altar,
          dreamdust_princess_bridge, minivault_27, minmay_tetromino_l4
D:2:      wander_river, layout_rooms, serial_glass, glass_columns_b,
          glass_columns_a, basic_altar, uniq_sigmund
D:3:      layout_rooms, nicolae_titane, uniq_grinder

Skill      XL: |  1  2  3  4  5 |
---------------+----------------+-----
Dodging        | 2 |  2.5
Unarmed Combat | 1 3 4 |  4.1
Invocations    | 1 2 |  2.5
Fighting       | |  1.7
Ranged Weapons | |  2.6
Stealth        | |  0.3

Action                     |  1- 3 |  4- 6 || total
---------------------------+-------+-------++-------
  Melee: Unarmed           |    47 |    74 ||   121
         Punch             |     2 |     2 ||     4
   Stab: Sleeping          |       |     1 ||     1
 Armour: Robe              |    31 |    52 ||    83
  Dodge: Dodged            |    28 |    37 ||    65

Table legend: (Time is in decaauts)
 A = Elapsed time spent in this place.
 B = Non-inter-level travel time spent in this place.
 C = Inter-level travel time spent in this place.
 D = Time resting spent in this place.
 E = Time spent auto-exploring this place.
 F = Levels seen in this place.
 G = Mean time per level.
                   A        B        C        D        E       F      G
               +--------+--------+--------+--------+--------+-----+--------+
         Total |   1236 |   1201 |     35 |      3 |    830 |   3 |  412.0 |
       Dungeon |   1236 |   1201 |     35 |      3 |    830 |   3 |  412.0 |
               +--------+--------+--------+--------+--------+-----+--------+

Top non-repeatable levels by time:
     D:1: 582 daAuts
     D:2: 412 daAuts
     D:3: 240 daAuts
